 Dungeon Crawl Stone Soup version 0.29-a0-275-g389c0b56f3 (webtiles) character file.

Game seed: 12992935199466580808

104 siradein the Bolt Thrower (level 5, -5/32 HPs)
             Began as a Kobold Hunter on Mar 11, 2022.
             Killed from afar by Natasha (10 damage)
             ... with a magic dart
             ... on level 2 of the Dungeon.
             The game lasted 00:04:22 (2522 turns).

siradein the Bolt Thrower (Kobold Hunter)           Turns: 2522, Time: 00:04:24

Health: -5/32      AC:  5    Str:  9    XL:     5   Next: 7%
Magic:  5/5        EV: 15    Int: 12    God:
Gold:   74         SH:  0    Dex: 18    Spells: 4/4 levels left

rFire   . . .      SeeInvis .   a - +1 hand crossbow
rCold   . . .      Faith    .   (no shield)
rNeg    . . .      Spirit   .   b - +0 leather armour
rPois   .          Reflect  .   p - +0 helmet
rElec   .          Harm     .   (no cloak)
rCorr   .          Rampage  .   (no gloves)
Will    .....                   j - +0 pair of boots
Stlth   +++.......              (no amulet)
HPRegen 0.10/turn               (no ring)
MPRegen 0.09/turn               (no ring)

@: slowed, very slow
A: small, no large weapons, nightstalker 3
a: no special abilities


You were on level 2 of the Dungeon.
You visited 1 branch of the dungeon, and saw 2 of its levels.

You collected 74 gold pieces.

Inventory:

Hand Weapons
 a - a +1 hand crossbow (weapon)
 e - a +1 dagger of draining
Armour
 b - a +0 leather armour (worn)
 j - a +0 pair of boots (worn)
 p - a +0 helmet (worn)
Scrolls
 c - a scroll of immolation
 d - 2 scrolls of identify {unknown}
 k - 3 scrolls of magic mapping {unknown}
Potions
 f - 3 potions of curing {unknown}
 g - a potion of lignification {unknown}
 i - a potion of might {unknown}
 l - a potion of haste {unknown}
 m - a potion of heal wounds {unknown}
 n - a potion of berserk rage {unknown}
 o - a potion of attraction {unknown}


   Skills:
 + Level 3.2 Fighting
 + Level 6.1 Crossbows
 + Level 3.5 Dodging
 + Level 3.2 Stealth


You had 4 spell levels left.
You didn't know any spells.
Your spell library was empty.

Dungeon Overview and Level Annotations

Branches:
Dungeon (2/15)

Altars:

Annotations:
D:2 Natasha


Innate Abilities, Weirdness & Mutations

You are small and have problems with some larger weapons.
You are completely attuned to the shadows.


Message History

You shoot a bolt. The bolt barely misses Natasha.
Natasha claws you!
Natasha stares at you and mumbles some strange words.
The magic dart hits you.
* * * LOW HITPOINT WARNING * * *
You are too injured to fight recklessly!
You are too injured to fight recklessly!
You are too injured to fight recklessly!
You are too injured to fight recklessly!
Throw: 4 darts (poison)
Press: ? - help, Q - select action, (/) - cycle Shift-Dir - straight line, f/p - Natasha
Aim: Natasha (55% to hit)
You throw a poisoned dart.
The poisoned dart closely misses Natasha.
Natasha barely misses you. Natasha misses you.
Throw: 3 darts (poison)
Press: ? - help, Q - select action, (/) - cycle Shift-Dir - straight line, f/p - Natasha
Aim: Natasha (55% to hit)
You throw a poisoned dart.
The poisoned dart closely misses Natasha.
Natasha claws you.
* * * LOW HITPOINT WARNING * * *
Throw: 2 darts (poison)
Press: ? - help, Q - select action, (/) - cycle Shift-Dir - straight line, f/p - Natasha
Aim: Natasha (55% to hit)
You throw a poisoned dart.
The poisoned dart barely misses Natasha.
Natasha closely misses you. Natasha misses you.
Throw: dart (poison)
Press: ? - help, Q - select action, (/) - cycle Shift-Dir - straight line, f/p - Natasha
Aim: Natasha (55% to hit)
You throw a poisoned dart.
The poisoned dart closely misses Natasha.
Natasha barely misses you.
Shoot: a) +1 hand crossbow
Press: ? - help, Q - select action Shift-Dir - straight line, f/p - Natasha
Aim: Natasha (61% to hit)
You shoot a bolt. The bolt misses Natasha.
Natasha casts a spell at you. The magic dart hits you!
You die...

*,* **,*,****,,****,,***,
*,*********,,,,,,,*),* *,,* *<
*,,,,,,,,,,,,,,,,,*,,* *,,* *,
***********,,,,,,,*,,* **,,* *,
#.......(,,* *,,,* *, ******
#.......#,** *,,** *, ,,,,,****
#.......#,****,,* *, *,,,,,,,*
#....h..#,,,,,,,* **
,,*****,*##****#@######***,**
,,* *,†..#* #.......,,,,* ,,*
**,**#.####..#####***** *,*
*,** *#.##.#.#***,** *,***#.*
#...###.#*,*,** *,,,,..#*
##.##.#,##,***,*****
,,,,,*#.###.##,...,,** **,,,,*
***,***#...##,,....,,***,***,**
***,* ##.##**,....**)*,***,,)**


You could see Natasha.

Vanquished Creatures
  Natasha (D:2)
  Robin (D:2)
  An adder (D:2)
  A worm (D:2)
  3 dart slugs (D:1)
  3 endoplasms (D:2)
  2 giant cockroaches
  11 goblins
  7 hobgoblins
  4 kobolds
  2 quokkas
  3 ball pythons
  3 bats (D:1)
  A frilled lizard (D:1)
  3 rats (D:2)
46 creatures vanquished.

Notes
Turn   | Place    | Note
-------+----------+-------------------------------------------
     0 | D:1      | siradein the Kobold Hunter began the quest for the Orb.
     0 | D:1      | Reached XP level 1. HP: 12/12 MP: 1/1
   140 | D:1      | Reached XP level 2. HP: 18/18 MP: 2/2
   424 | D:1      | Found a faded altar of an unknown god.
   542 | D:1      | Reached XP level 3. HP: 20/22 MP: 3/3
  1337 | D:2      | Noticed Robin
  1693 | D:2      | Reached XP level 4. HP: 27/27 MP: 4/4
  2161 | D:2      | Killed Robin
  2185 | D:2      | Reached skill level 6 in Crossbows
  2228 | D:2      | Noticed Natasha
  2232 | D:2      | Killed Natasha
  2233 | D:2      | Reached XP level 5. HP: 32/32 MP: 5/5
  2512 | D:2      | Noticed Natasha
  2522 | D:2      | Killed from afar by Natasha

Illustrated notes

Levels and vault maps discovered:
D:1:      evilmike_arrival_rings, layout_loops_ring,
          shapermc_ecumenical_altar_starsandcircs, minmay_tromino_v2
D:2:      minmay_angry_zag, layout_loops_ring, uniq_robin, uniq_natasha

Skill      XL: |  1  2  3  4 |
---------------+-------------+-----
Stealth        | 2 3 |  3.2
Dodging        | 3 |  3.5
Fighting       | 3 |  3.2
Crossbows      | 6 |  6.1

Action                   |  1- 3 |  4- 6 || total
-------------------------+-------+-------++-------
 Fire: Hand crossbow     |    69 |    44 ||   113
Throw: Dart              |     3 |     4 ||     7
Armor: Leather armour    |    10 |     1 ||    11
Dodge: Dodged            |    39 |    18 ||    57

Table legend: (Time is in decaauts)
 A = Elapsed time spent in this place.
 B = Non-inter-level travel time spent in this place.
 C = Inter-level travel time spent in this place.
 D = Time resting spent in this place.
 E = Time spent auto-exploring this place.
 F = Levels seen in this place.
 G = Mean time per level.
                   A        B        C        D        E       F      G
               +--------+--------+--------+--------+--------+-----+--------+
         Total |   2556 |   2528 |     28 |    238 |   1930 |   2 | 1278.0 |
       Dungeon |   2556 |   2528 |     28 |    238 |   1930 |   2 | 1278.0 |
               +--------+--------+--------+--------+--------+-----+--------+

Top non-repeatable levels by time:
     D:2: 1353 daAuts
     D:1: 1203 daAuts
